[Event "Titled Tuesday Blitz April 25 Early 2023"]
[White "Ferenc83"]
[Black "Goldin, Roman"]
[BlackFideId "2803860"]
[WhiteElo "2575"]
[BlackElo "2312"]
[Result "1/2-1/2"]
[Round "01"]
[TimeControl "180+2"]
[Date "2023.04.25"]
[WhiteClock "0:00:14"]
[BlackClock "0:00:06"]

1. e4 Nc6 2. d4 e5 3. d5 Nce7 4. c4 Ng6 5. Nc3 Nf6 6. g3 Bb4 7. Bg2 Bxc3+ 8. bxc3 d6 9. Ne2 O-O 10. O-O b6 11. h3 Nd7 12. f4 exf4 13. gxf4 f5 14. exf5 Nh4 15. Ng3 Nc5 16. Be3 Nxf5 17. Nxf5 Bxf5 18. Bd4 Qh4 19. Qd2 Bxh3 20. Rae1 Rae8 21. Bxh3 Qxh3 22. Qg2 Qxg2+ 23. Kxg2 Kf7 24. Kf3 g6 25. Rh1 Rxe1 26. Rxe1 Re8 27. Rh1 h5 28. f5 Ne4 29. Kf4 g5+ 30. Kf3 Nd2+ 31. Kg3 h4+ 32. Kg4 Ne4 33. Rf1 Nd2 34. Rf2 Nxc4 35. Kxg5 h3 36. f6 Rg8+ 37. Kf5 Rg2 38. Rf3 h2 39. Rh3 Nd2 40. Rh7+ Kf8 41. Rh8+ Kf7 42. Rh7+ Kf8 43. Ke6 Re2+ 44. Kf5 Nf3 45. Rh8+ Kf7 46. Rh7+ Kf8 47. Rh8+ Kf7 48. Rh7+ Kf8 1/2-1/2


[Site "https://www.chess.com"]

[Event "Titled Tuesday Blitz April 25 Early 2023"]
[White "Cesar Maestre, Bernardo"]
[Black "Mordechai, Hanan"]
[WhiteFideId "24542547"]
[BlackFideId "2804166"]
[WhiteElo "2271"]
[BlackElo "2324"]
[Result "0-1"]
[Round "01"]
[TimeControl "180+2"]
[Date "2023.04.25"]
[WhiteClock "0:00:07"]
[BlackClock "0:00:11"]

1. e4 c5 2. Nf3 d6 3. Bb5+ Bd7 4. Bxd7+ Qxd7 5. O-O Nf6 6. Re1 Nc6 7. c4 g6 8. Nc3 Bg7 9. d3 O-O 10. Bg5 a6 11. Qd2 Rfe8 12. Rad1 Rab8 13. b3 b5 14. cxb5 axb5 15. d4 b4 16. Na4 cxd4 17. Nxd4 Nxd4 18. Qxd4 h6 19. Bc1 Qe6 20. Qd3 Nd7 21. Bb2 Ne5 22. Qg3 Rec8 23. f4 Nc6 24. f5 Qd7 25. fxg6 f6 26. Kh1 Ne5 27. Bxe5 fxe5 28. Re2 Qe6 29. h4 h5 30. Rf1 Rf8 31. Ref2 Rxf2 32. Rxf2 Rf8 33. Rxf8+ Bxf8 34. Nb2 Kg7 35. Nd3 Qf6 36. Nxb4 e6 37. Nc2 d5 38. exd5 exd5 39. Ne3 d4 40. Nc4 e4 41. Qe5 Qxe5 42. Nxe5 d3 43. Nc4 Bb4 44. Kg1 d2 45. Nxd2 Bxd2 46. Kf2 Kxg6 47. Ke2 Bc1 48. a4 Kf5 49. a5 Bb2 50. b4 Bc3 51. a6 Bd4 52. b5 Bb6 53. Kd2 Kf4 54. Ke2 Kg3 55. Kf1 e3 56. Ke2 Kxg2 0-1


[Site "https://www.chess.com"]

[Event "Titled Tuesday Blitz April 25 Early 2023"]
[White "Moksh Amit Doshi"]
[Black "Kuchava, Ana"]
[WhiteFideId "25064967"]
[BlackFideId "13605348"]
[WhiteElo "2297"]
[BlackElo "2001"]
[Result "1-0"]
[Round "01"]
[TimeControl "180+2"]
[Date "2023.04.25"]
[WhiteClock "0:00:08"]
[BlackClock "0:00:07"]

1. d4 d5 2. Nf3 Nf6 3. c4 e6 4. Nc3 Be7 5. g3 O-O 6. Bg2 dxc4 7. Ne5 Nbd7 8. Nxc4 c5 9. O-O cxd4 10. Qxd4 Nb6 11. Qxd8 Bxd8 12. Nd6 Rb8 13. Bf4 Nbd5 14. Nxc8 Rxc8 15. Be5 Bc7 16. Bd4 Rfd8 17. Bxa7 Nxc3 18. bxc3 Be5 19. Rab1 Rxc3 20. Rxb7 Ra3 21. Bb6 Rd2 22. f4 Bd6 23. Rc1 h6 24. Bf3 Raxa2 25. Be3 Rdc2 26. Rcb1 Nd5 27. Bf2 Nc3 28. R1b6 Rd2 29. Be3 Rd1+ 30. Kf2 Nd5 31. Rxd6 Nxe3 32. Rb8+ Kh7 33. Be4+ f5 34. Bd3 Ng4+ 35. Kg2 1-0


[Site "https://www.chess.com"]

[Event "Titled Tuesday Blitz April 25 Early 2023"]
[White "Larina, Maria"]
[Black "Sahib Singh"]
[WhiteFideId "24113182"]
[BlackFideId "25618342"]
[WhiteElo "1848"]
[BlackElo "1934"]
[Result "0-1"]
[Round "01"]
[TimeControl "180+2"]
[Date "2023.04.25"]
[WhiteClock "0:01:10"]
[BlackClock "0:00:59"]

1. e4 c5 2. Nc3 Nc6 3. g3 g6 4. Bg2 Bg7 5. d3 e6 6. Be3 b6 7. Qd2 Nge7 8. Bh6 O-O 9. h4 f6 10. h5 Bxh6 11. Qxh6 g5 12. f4 Kh8 13. fxg5 Ng8 14. Qxf8 Qxf8 15. gxf6 Nxf6 16. O-O-O Ng4 17. Rf1 Qh6+ 18. Kb1 Ne3 19. Rf2 Nxg2 20. Rxg2 Nd4 21. g4 Qe3 22. a3 Ba6 23. g5 c4 24. Rh3 Qe1+ 25. Ka2 Nxc2 26. Rxc2 Qxg1 27. dxc4 Bxc4+ 28. b3 Bf1 29. Rf3 Rc8 30. Rc1 Qg2+ 31. Ne2 Qxe2+ 0-1


[Site "https://www.chess.com"]

[Event "Titled Tuesday Blitz April 25 Early 2023"]
[White "Sliwicka, Alicja"]
[Black "Ruge, Edison"]
[WhiteFideId "1150677"]
[BlackFideId "4401000"]
[WhiteElo "2206"]
[BlackElo "2175"]
[Result "1-0"]
[Round "01"]
[TimeControl "180+2"]
[Date "2023.04.25"]
[WhiteClock "0:01:05"]
[BlackClock "0:00:09"]

1. e4 e5 2. Nf3 Nc6 3. Bb5 f5 4. d3 fxe4 5. dxe4 Nf6 6. Bg5 Bc5 7. O-O d6 8. Nc3 O-O 9. Nd5 Kh8 10. c3 Be6 11. Nh4 Ne7 12. Nxe7 Qxe7 13. Kh1 Qf7 14. Bd3 Ng4 15. f4 Nf2+ 16. Rxf2 Bxf2 17. f5 Bc4 18. Bc2 Bxh4 19. Bxh4 Qe8 20. b3 Bg8 21. Qg4 d5 22. Rf1 d4 23. cxd4 exd4 24. f6 Qg6 25. Qe2 gxf6 26. e5 f5 27. Bf6+ Rxf6 28. exf6 Bf7 29. Bxf5 Qg5 30. Qe5 Rg8 31. Qe4 1-0


[Site "https://www.chess.com"]

[Event "Titled Tuesday Blitz April 25 Early 2023"]
[White "mjelcic"]
[Black "SashaKuzhilniy"]
[WhiteElo "2203"]
[BlackElo "2567"]
[Result "0-1"]
[Round "01"]
[TimeControl "180+2"]
[Date "2023.04.25"]
[WhiteClock "0:00:23"]
[BlackClock "0:00:12"]

1. c4 e5 2. Nc3 Nc6 3. g3 f5 4. Bg2 Nf6 5. d3 Bc5 6. Nf3 d6 7. O-O O-O 8. a3 a5 9. Rb1 Qe8 10. Bg5 Qh5 11. Bxf6 Rxf6 12. e3 f4 13. exf4 Bg4 14. Ne4 Rh6 15. Neg5 exf4 16. h3 fxg3 17. d4 gxf2+ 18. Rxf2 Bxf3 19. Nxf3 Ba7 20. Qd3 Rf8 21. Rd1 Rhf6 22. Rdf1 g6 23. c5 dxc5 24. d5 c4 25. Qxc4 Bxf2+ 26. Rxf2 Ne5 27. Nxe5 Qxe5 28. d6+ Kh8 29. dxc7 Rxf2 30. c8=Q Qe1+ 31. Kh2 Qe5+ 32. Kg1 Qe1+ 33. Kh2 Rxg2+ 34. Kxg2 Qf2+ 35. Kh1 Qf3+ 36. Kh2 Rxc8 37. Qxc8+ Kg7 38. Qc7+ Kh6 39. Qc1+ g5 40. Qd2 Qf4+ 41. Qxf4 gxf4 42. Kg2 Kg5 43. Kf3 Kf5 44. b4 axb4 45. axb4 b5 46. h4 h5 47. Kf2 Kg4 48. Ke2 Kxh4 49. Kf3 Kg5 50. Kf2 Kg4 51. Kg2 h4 0-1


[Site "https://www.chess.com"]

[Event "Titled Tuesday Blitz April 25 Early 2023"]
[White "Shevtchenko, Olesya"]
[Black "Kiseleva, Arina"]
[WhiteFideId "24131890"]
[BlackFideId "4164989"]
[WhiteElo "2003"]
[BlackElo "1708"]
[Result "1-0"]
[Round "01"]
[TimeControl "180+2"]
[Date "2023.04.25"]
[WhiteClock "0:00:31"]
[BlackClock "0:00:01"]

1. e4 c6 2. d4 d5 3. exd5 cxd5 4. Bd3 Nc6 5. c3 Nf6 6. Bf4 g6 7. Qc2 a6 8. a4 e6 9. Nf3 Bd6 10. Bh6 Bf8 11. Be3 Ng4 12. Bg5 Be7 13. Bxe7 Qxe7 14. h3 Nf6 15. O-O O-O 16. Nbd2 e5 17. dxe5 Nxe5 18. Nxe5 Qxe5 19. Nf3 Qh5 20. Nd4 Bxh3 21. gxh3 Qxh3 22. f3 Nh5 23. Qh2 Qd7 24. Rfe1 Rae8 25. a5 f5 26. Nxf5 Rxe1+ 27. Rxe1 Rxf5 28. Bxf5 Qxf5 29. Qb8+ Kg7 30. Qe5+ Kf7 31. Qxf5+ gxf5 32. Kf2 Nf4 33. Rd1 Ke6 34. Ke3 Ng6 35. Rh1 Nf8 36. Rh6+ Kf7 37. Rb6 h5 38. Rxb7+ Kf6 39. Rb6+ Kg5 40. Rxa6 h4 41. Kf2 Kf4 42. Rh6 Kg5 43. Rh8 1-0


[Site "https://www.chess.com"]

[Event "Titled Tuesday Blitz April 25 Early 2023"]
[White "mestrefeitosa19"]
[Black "Martic, Ivan"]
[BlackFideId "929301"]
[WhiteElo "2199"]
[BlackElo "2360"]
[Result "1-0"]
[Round "01"]
[TimeControl "180+2"]
[Date "2023.04.25"]
[WhiteClock "0:01:32"]
[BlackClock "0:02:02"]

1. c4 c6 2. e4 d5 3. exd5 cxd5 4. cxd5 Nf6 5. Nc3 Nxd5 6. Bc4 Nxc3 7. bxc3 g6 8. Nf3 Bg7 9. Bxf7+ Kxf7 10. Ng5+ Kg8 11. Qb3+ e6 12. d4 Qd5 13. Qa4 Bd7 14. Qb4 Qxg2 15. Qe7 Qxh1+ 16. Ke2 Bb5+ 17. Kd2 Qf3 18. Nxf3 Nc6 19. Qxe6+ Kf8 20. Ba3+ 1-0


[Site "https://www.chess.com"]

[Event "Titled Tuesday Blitz April 25 Early 2023"]
[White "Toropov, Pavel"]
[Black "Stanisz, Patryk"]
[WhiteFideId "24129178"]
[BlackFideId "1123106"]
[WhiteElo "2182"]
[BlackElo "2069"]
[Result "0-1"]
[Round "01"]
[TimeControl "180+2"]
[Date "2023.04.25"]
[WhiteClock "0:00:20"]
[BlackClock "0:00:18"]

1. e4 c5 2. Nf3 Nc6 3. d4 cxd4 4. Nxd4 Nf6 5. Nc3 e5 6. Ndb5 d6 7. Bg5 a6 8. Na3 b5 9. Nd5 Qa5+ 10. Bd2 Qd8 11. Nxf6+ Qxf6 12. c4 Be7 13. cxb5 Nd4 14. Nc2 Qg6 15. Nxd4 exd4 16. Qf3 O-O 17. Bd3 Bg4 18. Qg3 Qh5 19. h3 Be6 20. bxa6 f5 21. exf5 Bxf5 22. Bxf5 Qxf5 23. O-O Rxa6 24. Qb3+ Kh8 25. Rad1 d5 26. a3 Rg6 27. f4 Bh4 28. Bb4 Re8 29. Qd3 Re4 30. Rf3 h6 31. Bd6 Rxd6 32. b4 Rde6 33. Kh2 Be7 34. b5 Bd6 35. Rdf1 Rf6 36. a4 Rxf4 37. Qxf5 R6xf5 38. Rxf4 Rxf4 39. Rxf4 Bxf4+ 40. Kg1 Bd2 41. Kf1 Ba5 42. Ke2 Kg8 43. Kd3 Bb6 44. a5 Bxa5 45. Kxd4 Kf7 46. Kxd5 Kf6 47. Ke4 Bb6 48. Kf4 g6 49. Ke4 Kg5 50. Kf3 Kf5 51. g3 h5 52. h4 Bc5 53. Kg2 Kg4 54. Kh2 Bd6 55. Kh1 Kxg3 56. b6 Kxh4 57. b7 Bb8 58. Kg2 Kg4 59. Kf2 g5 60. Kg2 h4 61. Kh1 Kf3 62. Kg1 g4 63. Kh1 g3 64. Kg1 h3 65. Kh1 g2+ 66. Kg1 Ba7+ 67. Kh2 g1=Q+ 68. Kxh3 Qg3# 0-1


[Site "https://www.chess.com"]

[Event "Titled Tuesday Blitz April 25 Early 2023"]
[White "Elaisaz"]
[Black "Fiorito, Francisco"]
[BlackFideId "180165"]
[WhiteElo "2192"]
[BlackElo "2341"]
[Result "0-1"]
[Round "01"]
[TimeControl "180+2"]
[Date "2023.04.25"]
[WhiteClock "0:00:58"]
[BlackClock "0:02:14"]

1. e4 c5 2. Nf3 Nc6 3. d4 cxd4 4. Nxd4 g6 5. c4 Nf6 6. Nc3 d6 7. f3 Nxd4 8. Qxd4 Bg7 9. Be3 O-O 10. Qd2 Be6 11. Be2 Qa5 12. Nd5 Qxd2+ 13. Kxd2 Bxd5 14. cxd5 Nd7 15. Rab1 Rfc8 16. b4 Nb6 17. Rhc1 h5 18. g4 hxg4 19. fxg4 Be5 20. h4 Na4 21. a3 Nc3 22. Ra1 Nxe4+ 0-1


[Site "https://www.chess.com"]

[Event "Titled Tuesday Blitz April 25 Early 2023"]
[White "Al-Tarboush, Ward"]
[Black "Ciuffoletti, Paolo"]
[WhiteFideId "7601450"]
[BlackFideId "807630"]
[WhiteElo "2265"]
[BlackElo "2143"]
[Result "0-1"]
[Round "01"]
[TimeControl "180+2"]
[Date "2023.04.25"]
[WhiteClock "0:00:09"]
[BlackClock "0:00:11"]

1. e4 c5 2. Nf3 Nc6 3. d4 cxd4 4. Nxd4 Nf6 5. Nc3 e5 6. Ndb5 d6 7. Bg5 a6 8. Na3 b5 9. Nd5 Be7 10. Bxf6 Bxf6 11. c3 O-O 12. Nc2 Rb8 13. a4 bxa4 14. Ncb4 Nxb4 15. cxb4 Bb7 16. Rxa4 Bc6 17. Rxa6 Bxd5 18. Qxd5 Rxb4 19. b3 Rd4 20. Qc6 Qb8 21. Rb6 Qa8 22. Qxa8 Rxa8 23. f3 Ra1+ 24. Kf2 h5 25. g3 Rd2+ 26. Ke3 Rdd1 27. Ke2 Bg5 28. f4 exf4 29. gxf4 Bxf4 30. Rb5 g5 31. Rd5 Re1+ 32. Kf2 Be3+ 33. Kg2 Ra2+ 34. Kg3 Bf4+ 0-1


[Site "https://www.chess.com"]

[Event "Titled Tuesday Blitz April 25 Early 2023"]
[White "Putri, Regita Desyari"]
[Black "Lund, Gunnar"]
[WhiteFideId "7109083"]
[BlackFideId "1520814"]
[WhiteElo "1930"]
[BlackElo "2233"]
[Result "0-1"]
[Round "01"]
[TimeControl "180+2"]
[Date "2023.04.25"]
[WhiteClock "0:00:02"]
[BlackClock "0:01:05"]

1. d4 d6 2. c4 Nf6 3. Nf3 Nbd7 4. Nc3 e5 5. e4 Be7 6. Be2 O-O 7. O-O c6 8. h3 Re8 9. Re1 Qc7 10. b3 exd4 11. Nxd4 Bf8 12. Bf1 a6 13. Bb2 b5 14. f3 Ne5 15. cxb5 axb5 16. Rc1 Qb6 17. Kh2 Bb7 18. Qd2 Rad8 19. Nf5 g6 20. Nh6+ Kh8 21. Red1 Qc7 22. Kh1 Qe7 23. Qg5 Bg7 24. Ne2 Ng8 25. Qxe7 Rxe7 26. Nxg8 Kxg8 27. f4 Nd7 28. Bxg7 Kxg7 29. Rxd6 Rde8 30. e5 f6 31. exf6+ Nxf6 32. Ng3 h5 33. Kh2 h4 34. Nh1 Ne4 35. Rd4 Rf7 36. Re1 c5 37. Rdd1 Rxf4 38. Bxb5 Ref8 39. Rd7+ R4f7 40. Rxf7+ Rxf7 41. Bd3 Ng5 42. Rf1 Rd7 43. Bb1 Rd2 0-1


[Site "https://www.chess.com"]

[Event "Titled Tuesday Blitz April 25 Early 2023"]
[White "Trakru, Rohun"]
[Black "Tarnowska, Aleksandra"]
[WhiteFideId "2097613"]
[BlackFideId "1180967"]
[WhiteElo "1852"]
[BlackElo "1776"]
[Result "0-1"]
[Round "01"]
[TimeControl "180+2"]
[Date "2023.04.25"]
[WhiteClock "0:00:48"]
[BlackClock "0:00:06"]

1. Nf3 d5 2. c4 c6 3. e3 Nf6 4. Nc3 Nbd7 5. d4 dxc4 6. Bxc4 Nb6 7. Bb3 Bf5 8. Ne5 e6 9. g4 Bg6 10. h4 Bd6 11. h5 Be4 12. Nxe4 Nxe4 13. Qf3 Ng5 14. Qe2 Bxe5 15. dxe5 Qe7 16. Bc2 O-O-O 17. f4 Qb4+ 18. Kf2 Ne4+ 19. Kf3 Nd2+ 20. Kg2 f6 21. a3 Qc5 22. Bd3 Qd5+ 23. Kf2 Qxd3 24. Qxd3 Rxd3 25. Ke2 Rhd8 26. exf6 gxf6 27. g5 fxg5 28. fxg5 Ne4 29. g6 hxg6 30. hxg6 Ng3+ 31. Kf3 Nxh1 32. Ke4 R3d5 33. b4 Rg8 34. Bb2 Rxg6 35. Rxh1 Rg4+ 36. Kf3 Rg8 37. Rh7 Nc4 38. Bd4 Rf8+ 39. Ke4 a6 40. Bc5 Re8 41. Rg7 b6 42. Bd4 c5 43. bxc5 bxc5 44. Bc3 Nd2+ 45. Kf4 Rf8+ 46. Kg3 Rf3+ 47. Kg2 Rxe3 48. Ba5 Re2+ 49. Kg3 Ne4+ 50. Kf4 Nd6 51. Rc7+ Kb8 52. Rd7 Rf5+ 53. Kg3 Ne4+ 54. Kg4 Rg2+ 55. Kh3 Rg8 56. Bc7+ Ka8 57. Be5 Rh5# 0-1


[Site "https://www.chess.com"]

[Event "Titled Tuesday Blitz April 25 Early 2023"]
[White "Grossboss19"]
[Black "Elgersma, Onno"]
[BlackFideId "1053531"]
[WhiteElo "2171"]
[BlackElo "2252"]
[Result "1-0"]
[Round "01"]
[TimeControl "180+2"]
[Date "2023.04.25"]
[WhiteClock "0:00:12"]
[BlackClock "0:00:08"]

1. e4 d6 2. d3 Nf6 3. Nf3 c5 4. h3 Nc6 5. Be3 e5 6. Nc3 Be7 7. Qd2 Be6 8. Ng5 Bd7 9. f4 Nd4 10. f5 b5 11. Nd1 d5 12. c3 Nc6 13. Qc2 Rc8 14. g4 d4 15. Bd2 dxc3 16. bxc3 b4 17. Nf3 bxc3 18. Bxc3 Nd4 19. Qf2 c4 20. Nxe5 Nb5 21. Nxc4 Nxc3 22. Nxc3 Bc5 23. Qd2 Bd4 24. Rc1 Qc7 25. Ne2 Bc5 26. Bg2 O-O 27. d4 Be7 28. e5 Ne8 29. Nd6 Qb6 30. Nxc8 Bxc8 31. Rxc8 Bb4 32. Nc3 Qa5 33. O-O Nc7 34. Rxf8+ Kxf8 35. Rc1 Nb5 36. Nd5 g6 37. Qxb4+ 1-0


[Site "https://www.chess.com"]

[Event "Titled Tuesday Blitz April 25 Early 2023"]
[White "Safin, Robert"]
[Black "Sailer, Mike"]
[WhiteFideId "34189120"]
[BlackFideId "2012901"]
[WhiteElo "2245"]
[BlackElo "2109"]
[Result "1-0"]
[Round "01"]
[TimeControl "180+2"]
[Date "2023.04.25"]
[WhiteClock "0:00:04"]
[BlackClock "0:00:13"]

1. e4 d5 2. exd5 Qxd5 3. Nc3 Qd6 4. Nf3 Nf6 5. g3 Bf5 6. Bg2 c6 7. O-O e6 8. h3 h6 9. d3 Be7 10. Qe2 O-O 11. Ne4 Qd8 12. b3 Nbd7 13. Bb2 Nc5 14. Nfd2 a5 15. a4 Bh7 16. Rfd1 Ncxe4 17. Nxe4 Nxe4 18. dxe4 Qc7 19. h4 Rfd8 20. Qg4 e5 21. Bh3 Bc5 22. Qf3 Bd4 23. c3 Bc5 24. Bf1 Qb6 25. Bc4 Qc7 26. Kg2 Rd7 27. h5 Rad8 28. Rxd7 Rxd7 29. Bc1 Kh8 30. Be3 Bxe3 31. Qxe3 f6 32. Re1 Qd8 33. Qc5 Bg8 34. Bxg8 Qxg8 35. b4 axb4 36. cxb4 Qf7 37. b5 cxb5 38. axb5 Qxh5 39. Qc8+ Kh7 40. Qxd7 Qg6 41. Qf5 1-0


[Site "https://www.chess.com"]

[Event "Titled Tuesday Blitz April 25 Early 2023"]
[White "dDobravcan"]
[Black "Guerrero Olmos, Sergio"]
[BlackFideId "2257238"]
[WhiteElo "2160"]
[BlackElo "2266"]
[Result "0-1"]
[Round "01"]
[TimeControl "180+2"]
[Date "2023.04.25"]
[WhiteClock "0:00:10"]
[BlackClock "0:00:51"]

1. d4 d5 2. Nc3 Bf5 3. Bf4 e6 4. f3 Nf6 5. g4 Bg6 6. h4 h6 7. e3 c5 8. Nb5 Na6 9. c3 Be7 10. a4 Nd7 11. Nd6+ Kf8 12. Nxb7 Qb6 13. Bxa6 Qxa6 14. Nxc5 Bxc5 15. dxc5 Nxc5 16. Kf2 Nd3+ 17. Kg2 e5 18. Bg3 Qb6 19. b4 Qxe3 20. h5 Bh7 21. Nh3 Rc8 22. Nf2 Rxc3 23. Nxd3 Rxd3 24. Qc1 Qxf3+ 0-1


[Site "https://www.chess.com"]

[Event "Titled Tuesday Blitz April 25 Early 2023"]
[White "Ronka, Erik"]
[Black "GregLeBarbare"]
[WhiteFideId "505080"]
[WhiteElo "2264"]
[BlackElo "2159"]
[Result "1/2-1/2"]
[Round "01"]
[TimeControl "180+2"]
[Date "2023.04.25"]
[WhiteClock "0:00:04"]
[BlackClock "0:00:09"]

1. e4 e6 2. d4 d5 3. Nc3 Bb4 4. e5 c5 5. a3 Bxc3+ 6. bxc3 Qc7 7. Qg4 f5 8. Qg3 Nc6 9. Nf3 cxd4 10. cxd4 Nge7 11. c3 O-O 12. Be2 Na5 13. O-O a6 14. a4 Bd7 15. Ba3 Be8 16. Ng5 Qd7 17. Bb4 Nc4 18. Rfd1 h6 19. Nh3 Kh7 20. Nf4 Rg8 21. Nd3 Nc6 22. Bc5 b6 23. Ba3 a5 24. Bc1 Bg6 25. h4 Qf7 26. Nf4 Ne7 27. h5 Bxh5 28. Nxh5 Raf8 29. Nf4 Qe8 30. Bh5 g6 31. Be2 Qf7 32. Bxc4 dxc4 33. Rb1 Nc8 34. d5 exd5 35. Nxd5 Rd8 36. Qf3 Kg7 37. Nf4 Rxd1+ 38. Qxd1 Re8 39. e6 Qf6 40. Qd4 Ne7 41. Qxf6+ Kxf6 42. Rxb6 g5 43. Ne2 Nd5 44. Rd6 Rxe6 45. Rxe6+ Kxe6 46. f3 f4 47. Kf2 Kd6 48. g3 Nb6 49. gxf4 Nxa4 50. Ba3+ Kd5 51. fxg5 hxg5 52. Ke3 Nb6 53. Be7 a4 54. Bxg5 a3 55. Nc1 Na4 56. Be7 Nxc3 57. Bxa3 Nd1+ 58. Kd2 Nf2 59. Ke2 Nh3 60. Bb2 Nf4+ 61. Ke3 Ng2+ 62. Kf2 Nf4 63. Bc3 Kc5 64. Kg3 Nd5 65. Ne2 Ne3 66. f4 Kd5 67. Kf3 Nf5 68. Ng3 Nd6 69. f5 Nxf5 70. Nxf5 Kc5 71. Ne3 Kb5 72. Ke4 Kc5 73. Ke5 Kb5 74. Kd4 Ka4 75. Kxc4 Ka3 76. Nd5 Ka4 77. Nb6+ Ka3 78. Nd5 Ka4 79. Ne3 Ka3 80. Nc2+ Ka2 81. Nb4+ Ka3 82. Nd5 1/2-1/2


[Site "https://www.chess.com"]

[Event "Titled Tuesday Blitz April 25 Early 2023"]
[White "Jaivardhan Raj"]
[Black "MKlose11"]
[WhiteFideId "25744437"]
[WhiteElo "1772"]
[BlackElo "2546"]
[Result "0-1"]
[Round "01"]
[TimeControl "180+2"]
[Date "2023.04.25"]
[WhiteClock "0:00:23"]
[BlackClock "0:01:07"]

1. e4 e6 2. d4 d5 3. Nd2 Be7 4. Bd3 c5 5. dxc5 Nf6 6. exd5 exd5 7. Ngf3 O-O 8. O-O Bxc5 9. Nb3 Bb6 10. c3 Nc6 11. Bg5 Bg4 12. h3 Bh5 13. Be2 Qd6 14. Qd2 h6 15. Bxf6 Qxf6 16. Qxd5 Bg6 17. Qb5 Rfe8 18. Bc4 Ne5 19. Nbd4 Be4 20. Nd2 Bxg2 21. Kxg2 Qg5+ 22. Kh1 Qxd2 23. Nf5 Qf4 24. Ng3 Qxc4 0-1


[Site "https://www.chess.com"]

[Event "Titled Tuesday Blitz April 25 Early 2023"]
[White "Weishaeutel, Moritz"]
[Black "Wimalasuriya, Kasun M."]
[WhiteFideId "12967300"]
[BlackFideId "9906789"]
[WhiteElo "2301"]
[BlackElo "2144"]
[Result "1-0"]
[Round "01"]
[TimeControl "180+2"]
[Date "2023.04.25"]
[WhiteClock "0:00:59"]
[BlackClock "0:00:54"]

1. e4 c5 2. b4 cxb4 3. a3 d5 4. exd5 Nf6 5. axb4 Nxd5 6. b5 e6 7. Nf3 Be7 8. d4 O-O 9. c4 Nb6 10. Bd3 Bf6 11. h4 g6 12. Bg5 N8d7 13. Qd2 a6 14. bxa6 Rxa6 15. Rxa6 bxa6 16. Qf4 Bb7 17. Nbd2 Re8 18. Ne5 Nxe5 19. dxe5 Bxg5 20. hxg5 Qxd3 21. Rxh7 Qf5 22. Qh2 Kf8 23. Rh8+ Ke7 24. Rxe8+ Kxe8 25. Qh8+ Kd7 26. Qb8 Kc6 27. Qd6# 1-0


[Site "https://www.chess.com"]

[Event "Titled Tuesday Blitz April 25 Early 2023"]
[White "Hartikainen, Jarmo"]
[Black "Bosnjak, Petar"]
[WhiteFideId "503134"]
[BlackFideId "14532581"]
[WhiteElo "2138"]
[BlackElo "2227"]
[Result "1-0"]
[Round "01"]
[TimeControl "180+2"]
[Date "2023.04.25"]
[WhiteClock "0:00:01"]
[BlackClock "0:01:12"]

1. e4 c6 2. d4 d5 3. Nc3 dxe4 4. Nxe4 Nf6 5. Nxf6+ gxf6 6. h4 Bf5 7. h5 e6 8. h6 Bd6 9. Bd3 Bg6 10. Qe2 Nd7 11. Bd2 Qc7 12. O-O-O O-O-O 13. g3 c5 14. Nf3 Nb6 15. Bxg6 hxg6 16. dxc5 Qxc5 17. Be3 Qa5 18. Kb1 Bc7 19. Nd4 Nd5 20. Nb3 Qb4 21. Bxa7 Be5 22. Be3 Nc3+ 23. bxc3 Qxc3 24. Bd4 Rxd4 25. Rxd4 Bxd4 26. Nxd4 Qxd4 27. Qe3 Qxe3 28. fxe3 Kd7 29. c4 Ke7 30. a4 f5 31. Kc2 Ra8 32. h7 Rh8 33. c5 Kf6 34. a5 Kg7 35. c6 Rc8 36. Kb3 Rxc6 37. h8=Q# 1-0


[Site "https://www.chess.com"]

[Event "Titled Tuesday Blitz April 25 Early 2023"]
[White "Sharapov, Evgeny"]
[Black "Torres Dominguez, David"]
[WhiteFideId "14103133"]
[BlackFideId "2220857"]
[WhiteElo "2367"]
[BlackElo "1999"]
[Result "1/2-1/2"]
[Round "01"]
[TimeControl "180+2"]
[Date "2023.04.25"]
[WhiteClock "0:00:11"]
[BlackClock "0:00:17"]

1. e4 e5 2. Nf3 Nc6 3. Bb5 Nge7 4. O-O g6 5. c3 Bg7 6. d4 O-O 7. Re1 d5 8. exd5 Qxd5 9. c4 Qd8 10. d5 Nb8 11. Nxe5 c6 12. Ba4 cxd5 13. cxd5 Nxd5 14. Bb3 Be6 15. Nd2 Nc7 16. Bxe6 Nxe6 17. Ndf3 Qb6 18. Be3 Qxb2 19. Rb1 Qxa2 20. Rxb7 Na6 21. Qb1 Qxb1 22. Rexb1 Nac5 23. R7b5 Rfc8 24. Nc4 Ne4 25. R5b4 a5 26. Ra4 Nc3 27. Rba1 Nxa4 28. Rxa4 Nc5 29. Rxa5 Rxa5 30. Nxa5 Ra8 31. Bxc5 Rxa5 32. Bb4 Ra1+ 33. Be1 Bc3 34. Kf1 f5 35. Ke2 Bxe1 36. Nxe1 Ra2+ 37. Kf3 g5 38. h3 Kf7 39. Nd3 h5 40. g3 Kf6 41. h4 Ra3 42. Ke2 Rxd3 43. Kxd3 gxh4 44. gxh4 Ke5 45. Ke3 f4+ 46. Ke2 Ke4 47. f3+ Kd4 48. Kd2 Kc4 49. Kc2 Kd4 50. Kd2 Kc4 51. Kc2 Kd4 52. Kd2 1/2-1/2


[Site "https://www.chess.com"]

[Event "Titled Tuesday Blitz April 25 Early 2023"]
[White "Flis, Pawel"]
[Black "Yaniuk, Volodymyr"]
[WhiteFideId "1112864"]
[BlackFideId "14133083"]
[WhiteElo "1822"]
[BlackElo "2141"]
[Result "0-1"]
[Round "01"]
[TimeControl "180+2"]
[Date "2023.04.25"]
[WhiteClock "0:00:01"]
[BlackClock "0:00:07"]

1. e4 e5 2. d4 exd4 3. Nf3 Nc6 4. Bc4 Bc5 5. c3 Nf6 6. e5 d5 7. Bb5 Ne4 8. cxd4 Bb6 9. Nc3 O-O 10. Be3 Bg4 11. h3 Bh5 12. Qc2 Bg6 13. Qe2 f6 14. exf6 Nxf6 15. O-O Bh5 16. g4 Nxg4 17. Bxc6 Nxe3 18. fxe3 bxc6 19. Kh1 c5 20. Qg2 cxd4 21. Nxd4 Qd7 22. Qxd5+ Qxd5+ 23. Nxd5 Bxd4 24. Ne7+ Kh8 25. exd4 Rae8 26. Rxf8+ Rxf8 27. Kg1 h6 28. Nd5 Rd8 29. Nf4 Bf7 30. Rd1 g5 31. Ne2 Bxa2 32. Nc3 Bc4 33. Kf2 Kg7 34. Re1 Rd7 35. Ra1 a6 36. d5 Bxd5 37. Rxa6 Bf7 38. Ra7 Rd2+ 39. Ke3 Rxb2 40. Rxc7 Rh2 41. Nd5 Rxh3+ 42. Kd4 Rh1 43. Ne3 Rh4+ 44. Ke5 Rf4 45. Nf5+ Kg6 46. Rc6+ Kh5 47. Rxh6+ Kg4 48. Nd6 Ba2 49. Rf6 Bb1 50. Rxf4+ gxf4 51. Nc4 Bd3 52. Nd2 Kg3 53. Kd4 Bf5 54. Ke5 Bc2 55. Nf3 Kxf3 0-1


[Site "https://www.chess.com"]

[Event "Titled Tuesday Blitz April 25 Early 2023"]
[White "Sadovsky, Artem"]
[Black "Winkels, Marcel"]
[WhiteFideId "4155840"]
[BlackFideId "1003887"]
[WhiteElo "2314"]
[BlackElo "1900"]
[Result "1-0"]
[Round "01"]
[TimeControl "180+2"]
[Date "2023.04.25"]
[WhiteClock "0:02:01"]
[BlackClock "0:00:13"]

1. Nf3 Nf6 2. e3 g6 3. c4 Bg7 4. b3 Ne4 5. d4 O-O 6. Bd3 Nf6 7. O-O d5 8. cxd5 Nxd5 9. Bd2 c5 10. Nc3 cxd4 11. Nxd4 e5 12. Nxd5 Qxd5 13. Bc4 Qd8 14. Ne2 Nc6 15. Bc3 Bf5 16. Ng3 Bd7 17. Ne4 Qc7 18. Qd6 Qxd6 19. Nxd6 Rab8 20. Rfd1 a6 21. Nxf7 Bg4 22. Nxe5+ 1-0


[Site "https://www.chess.com"]

[Event "Titled Tuesday Blitz April 25 Early 2023"]
[White "Steenbekkers, Franck"]
[Black "Leenhouts, Koen"]
[WhiteFideId "1004220"]
[BlackFideId "1008439"]
[WhiteElo "2106"]
[BlackElo "2409"]
[Result "0-1"]
[Round "01"]
[TimeControl "180+2"]
[Date "2023.04.25"]
[WhiteClock "0:00:47"]
[BlackClock "0:02:11"]

1. e4 e5 2. Nf3 Nc6 3. Bb5 a6 4. Ba4 Nf6 5. O-O Be7 6. d3 b5 7. Bb3 O-O 8. c3 d5 9. Nbd2 h6 10. Re1 Be6 11. exd5 Nxd5 12. Nxe5 Nxe5 13. Rxe5 c6 14. Nf3 Bd6 15. Re1 Bg4 16. h3 Bh5 17. c4 Nb4 18. Bc2 Nxc2 19. Qxc2 Bxf3 20. gxf3 Qh4 21. Kg2 Rfe8 22. Bd2 Qh5 23. Rxe8+ Rxe8 24. Re1 Rxe1 25. Bxe1 Qe5 26. Bc3 Qh2+ 27. Kf1 Qxh3+ 28. Ke2 Qe6+ 29. Kf1 bxc4 30. dxc4 Qxc4+ 31. Kg2 Qxa2 32. Qd2 Qd5 0-1


[Site "https://www.chess.com"]